 Dungeon Crawl Stone Soup version 0.21.1-1-g345015f (webtiles) character file.

684 GrunderHorse the Twirler (level 7, 0/44 HPs)
             Began as a Gargoyle Gladiator on Feb 27, 2018.
             Killed from afar by Dowan (16 damage)
             ... with a shard of ice
             ... on level 4 of the Dungeon.
             The game lasted 00:06:18 (3167 turns).

GrunderHorse the Twirler (Gargoyle Gladiator)       Turns: 3167, Time: 00:06:19

Health: 0/44       AC: 10    Str: 24    XL:     7   Next: 62%
Magic:  7/7        EV: 12    Int:  8    God:
Gold:   134        SH:  0    Dex: 12    Spells: 6/6 levels left

rFire    + . .     SeeInvis .   a - +0 quarterstaff
rCold    . . .     Gourm    .   (shield currently unavailable)
rNeg     + . .     Faith    .   b - +0 leather armour
rPois    ∞         Spirit   .   c - +1 helmet
rElec    +         Reflect  .   (no cloak)
rCorr    .         Harm     .   (no gloves)
MR       .....                  (no boots)
Stlth    +.........             l - amulet of magic regeneration
HPRegen  0.14/turn              k - ring of protection from fire
MPRegen  0.35/turn              (no ring)

@: mighty, flying, hasted, very quick
A: negative energy resistance 1, electricity resistance, unbreathing,
petrification resistance, rot immunity, AC +4
a: no special abilities


You were on level 4 of the Dungeon.
You were not hungry.

You visited 1 branch of the dungeon, and saw 4 of its levels.

You collected 134 gold pieces.

Inventory:

Hand Weapons
 a - a +0 quarterstaff (weapon)
Missiles
 h - 117 stones (quivered)
Armour
 b - a +0 leather armour (worn)
 c - a +1 helmet (worn)
Jewellery
 k - a ring of protection from fire (left hand)
 l - an amulet of magic regeneration (around neck)
 p - an uncursed ring of protection from magic {unknown}
Scrolls
 g - 8 scrolls of remove curse
 s - a scroll of fog {unknown}
 t - a scroll of fear {unknown}
Potions
 j - a potion of might
 m - a potion of mutation {unknown}
 n - a potion of lignification {unknown}
 u - a potion of heal wounds {unknown}
 w - a potion of agility {unknown}
Comestibles
 f - 5 rations


   Skills:
 + Level 5.4 Fighting
 + Level 5.5 Staves
 - Level 1.7 Throwing
 + Level 4.9 Armour
 - Level 2.4 Dodging


You had 6 spell levels left.
You didn't know any spells.

Dungeon Overview and Level Annotations

Branches:
Dungeon (4/15)
 Temple: D:4-7

Altars:
Okawaru
Ru
Yredelemnul

Annotations:
D:4 Dowan; Tanalyfe's ghost, amateur HOMo


Innate Abilities, Weirdness & Mutations

You are resistant to torment.
Your stone body is resilient. (AC +4)
You are immune to poison.
You resist negative energy. (rN+)
You are resistant to electric shocks. (rElec)
You can survive without breathing.
You are immune to petrification.
You are immune to rotting.


Message History

You sock Robin!
You kill Robin!
The goblin closely misses you. x2; The hobgoblin hits you with a club.
You closely miss the goblin. The goblin hits you but does no damage.
The hobgoblin hits you. The goblin hits you with a club.
You are too injured to fight recklessly!
You are too injured to fight recklessly!
You are too injured to fight recklessly!
Unknown command.
You are too injured to fight recklessly!
You bludgeon the hobgoblin!!
You kill the hobgoblin!
The goblin no longer looks unusually strong.
The hobgoblin barely misses you.
You hit Dowan.
Dowan is severely wounded.
The goblin hits you but does no damage. The goblin barely misses you.
Dowan points at you and mumbles some strange words.
The shard of ice hits you!
You die...

#......#.#####
#........#
#######......###
#............#
#........###.#
#............#
+..........###
#..gge...#.#
......#@g...#.#
##### #######.#
........#
#########


You could see Dowan, a hobgoblin and 2 goblins.

Vanquished Creatures
  The ghost of Sotanaht the Cudgeler, an amateur GrFi (D:3)
  Edmund (D:4)
  Duvessa (D:4)
  A phantom (D:4)
  A hound (D:4)
  Jessica (D:3)
  Robin (D:4)
  7 adders
  An ooze (D:4)
  An adder skeleton (D:4)
  A worm (D:2)
  A dart slug (D:1)
  2 leopard geckos (D:1)
  2 orcs
  A ball python (D:2)
  3 bats
  3 giant cockroaches
  8 goblins
  11 hobgoblins
  17 jackals
  3 frilled lizards
  A jackal skeleton (D:4)
  5 kobolds
  A quokka skeleton (D:4)
  A rat (D:1)
76 creatures vanquished.

Notes
Turn   | Place    | Note
-------+----------+-------------------------------------------
     0 | D:1      | GrunderHorse the Gargoyle Gladiator began the quest for the Orb.
     0 | D:1      | Reached XP level 1. HP: 12/12 MP: 1/1
   185 | D:1      | Reached XP level 2. HP: 16/18 MP: 2/2
   200 | D:1      | Reached skill level 1 in Armour
   353 | D:1      | You fall through a shaft!
   370 | D:2      | Reached XP level 3. HP: 21/22 MP: 3/3
   757 | D:2      | Reached XP level 4. HP: 28/28 MP: 4/4
   913 | D:2      | Found a basalt altar of Yredelemnul.
  1389 | D:3      | Noticed Sotanaht's ghost (amateur GrFi)
  1527 | D:3      | Found an iron altar of Okawaru.
  1910 | D:3      | Killed Sotanaht's ghost
  1910 | D:3      | Reached XP level 5. HP: 23/33 MP: 5/5
  1910 | D:3      | Reached XP level 6. HP: 27/38 MP: 6/6
  2175 | D:3      | Noticed Jessica
  2177 | D:3      | Killed Jessica
  2280 | D:3      | Found a sacrificial altar of Ru.
  2572 | D:4      | Noticed Edmund
  2598 | D:4      | Killed Edmund
  2598 | D:4      | Reached skill level 5 in Staves
  2598 | D:4      | Reached XP level 7. HP: 44/44 MP: 7/7
  2815 | D:4      | Noticed Tanalyfe's ghost (amateur HOMo)
  2815 | D:4      | Reached skill level 5 in Fighting
  3105 | D:4      | Noticed Robin
  3106 | D:4      | Noticed Dowan
  3106 | D:4      | Noticed Duvessa
  3159 | D:4      | Killed Duvessa
  3164 | D:4      | Killed Robin
  3167 | D:4      | Killed from afar by Dowan

Skill      XL: |  1  2  3  4  5  6  7 |
---------------+----------------------+-----
Armour         | 1 2 3 4 |  4.9
Fighting       | 3 4 5 |  5.4
Staves         | 4 5 |  5.5
Throwing       | |  1.7
Dodging        | |  2.4

Action                   |  1- 3 |  4- 6 |  7- 9 || total
-------------------------+-------+-------+-------++-------
Melee: Quarterstaff      |   104 |   110 |    78 ||   292
Throw: Throwing net      |       |     6 |     3 ||     9
Evoke: Wand              |       |    11 |     5 ||    16
  Use: Scroll            |     3 |       |     2 ||     5
       Potion            |       |       |     3 ||     3
 Stab: Paralysed         |       |    27 |     3 ||    30
       Held in net/web   |       |     1 |       ||     1
  Eat: Chunk             |       |     3 |     1 ||     4
       Ration            |       |     1 |       ||     1
Armor: Leather armour    |    57 |    41 |    57 ||   155
Dodge: Dodged            |   112 |    83 |    71 ||   266
